 Dungeon Crawl Stone Soup version 0.21.1-1-g345015fe64 (webtiles) character file.

5376 Gargoyl the Covered (level 10, -7/83 HPs)
             Began as a Centaur Abyssal Knight on July 2, 2018.
             Was a Priest of Lugonu.
             Mangled by a small abomination (8 damage)
             ... on level 9 of the Dungeon.
             The game lasted 00:17:15 (13976 turns).

Gargoyl the Covered (Centaur Abyssal Knight)       Turns: 13976, Time: 00:17:16

Health: -7/83      AC:  5    Str: 16    XL:     10   Next: 39%
Magic:  10/15      EV:  4    Int: 11    God:    Lugonu [***...]
Gold:   316        SH:  9    Dex: 15    Spells: 9/9 levels left

rFire    . . .     SeeInvis .   o - +2 war axe (elec)
rCold    . . .     Gourm    .   u - +0 shield
rNeg     . . .     Faith    .   l - +0 chain mail of the Fisher {rElec Dex+4} (curse)
rPois    .         Spirit   .   (no helmet)
rElec    +         Reflect  .   (no cloak)
rCorr    .         Harm     .   (no gloves)
MR       .....                  (no barding)
Stlth    ..........             (no amulet)
HPRegen  0.23/turn              (no ring)
MPRegen  0.14/turn              (no ring)

@: about to teleport, corroded, very quick
A: large, hooves 3, deformed body, speed 2, tough skin 3
a: Depart the Abyss, Bend Space, Banish, Renounce Religion


You were on level 9 of the Dungeon.
You worshipped Lugonu.
Lugonu was most pleased with you.
You were hungry.

You visited 1 branch of the dungeon, and saw 9 of its levels.
You visited the Abyss 1 time.

You collected 400 gold pieces.
You spent 84 gold pieces at shops.

Inventory:

Hand Weapons
 a - a +1 hand axe
 o - a +2 war axe of electrocution (weapon)
Missiles
 z - 4 tomahawks (quivered)
Armour
 l - the cursed +0 chain mail of the Fisher (worn) {rElec Dex+4}
   (You found it on level 9 of the Dungeon)

   It affects your dexterity (+4).
   It insulates you from electricity.
   It has a curse placed upon it.
 u - a +0 shield (worn)
 w - a +1 chain mail of cold resistance
Wands
 b - a wand of paralysis (17)
 t - a wand of digging (16)
 y - a wand of polymorph (13)
 C - a wand of flame (31)
 E - a wand of random effects (12)
Scrolls
 d - 3 scrolls of amnesia
 h - 2 scrolls of remove curse
 m - a scroll of teleportation
 s - 3 scrolls of magic mapping
 D - a scroll of blinking
Potions
 e - 2 potions of brilliance
 f - a potion of magic
 j - 2 potions of flight
 k - a potion of resistance
 n - a potion of heal wounds
 p - a potion of agility
 q - 2 potions of curing
 r - a potion of invisibility {unknown}
 B - a potion of cancellation
 F - a potion of mutation {unknown}
Books
 g - a book of Minor Magic

   Spells                             Type                      Level
   a - Magic Dart                     Conjuration                  1
   b - Blink                          Translocation                2
   c - Call Imp                       Summoning                    2
   d - Slow                           Hexes                        2
   e - Conjure Flame                  Conjuration/Fire             3
   f - Mephitic Cloud                 Conjuration/Poison/Air       3
 x - a book of Misfortune

   Spells                             Type                      Level
   a - Confusing Touch                Hexes                        1
   b - Confuse                        Hexes                        3
   c - Gell's Gravitas                Translocation                3
   d - Petrify                        Transmutation/Earth          4
   e - Metabolic Englaciation         Hexes/Ice                    5
   f - Yara's Violent Unravelling     Hexes/Transmutation          5
 A - a book of Maledictions

   Spells                             Type                      Level
   a - Corona                         Hexes                        1
   b - Ensorcelled Hibernation        Hexes/Ice                    2
   c - Confuse                        Hexes                        3
   d - Tukima's Dance                 Hexes                        3
   e - Dazzling Spray                 Conjuration/Hexes            3
Comestibles
 c - 11 rations


   Skills:
 + Level 6.2 Fighting
 + Level 6.8 Axes
 + Level 0.8 Throwing
 * Level 7.3 Armour
 + Level 2.7 Dodging
 + Level 2.9 Shields
 * Level 7.1 Invocations


You had 9 spell levels left.
You didn't know any spells.

Dungeon Overview and Level Annotations

Branches:
Dungeon (9/15)             Temple (0/1) D:5
   Lair: D:8-11         Orc: D:9-12

Altars:
Elyvilon
Fedhas
Nemelex Xobeh
Qazlal
Wu Jian
Xom
Yredelemnul
Zin
The Shining One
Lugonu

Shops:
D:4 !

Annotations:
D:3 Pieper's ghost, amateur MiFi
D:7 exclusion: ice statue


Innate Abilities, Weirdness & Mutations

You have hooves in place of feet.
Armour fits poorly on your strangely shaped body.
You cover ground very quickly.
You have extremely tough skin. (AC +3)


Message History

Unknown command.
You hit the purple ugly thing.
The purple ugly thing is lightly wounded.
The brown ugly thing basks in the mutagenic energy from its kin and changes!
The purple ugly thing stings you!
* * * LOW HITPOINT WARNING * * *
Unknown command.
Press: ? - help, Shift-Dir - straight line, f - purple ugly thing
Aim: a purple ugly thing (lightly wounded, chance to defeat MR: 71%)
The purple ugly thing is devoured by a tear in reality.
Lugonu claims a new guest.
You are feeling hungry.
You can no longer corrupt the fabric of space.
Unknown command.
Space bends around you!
You blink.
The small abomination barely misses you.
The small abomination hits you!!
* * * LOW HITPOINT WARNING * * *
The small abomination hits you!
You die...

.........#..#
#[.#####..x.# #.
# ..#...#..##.#
#...###..x.## #.
# ............#
#......)######.##
..#...#.###.
#.$$$x# #.....
..##.......
#.}x(.# #.##..
..#####.###
##.))).## #..
...####.#
##xux....# ##.#
[.......#
###xxx###...#
##.## ###.###.###
#.#@u#####..#
#.## # ##.##.#..
#§x###### ##..
#..## #..#.#.#
##§.# #.#
.#####.# #
#....#.#
######©## # #....
###(#.###.# ####
##...## #####
W..##.# #.#
#..###.#.#.# #
#.###.# #<#
#......#.#.# #.#
#.# #.#
##.###.#.#.#
#.###.#
#.####.###.#.#.#


You could see 2 ugly things and 8 small abominations.

Vanquished Creatures
  A queen bee (D:9)
  The ghost of Gargoyl the Skirmisher, an amateur CeAK of Lugonu (D:5)
  Prince Ribbit (D:5)
  A hippogriff (D:8)
  A hungry ghost (D:9)
  A water moccasin (D:7)
  2 black bears (D:7)
  4 orc warriors
  2 ice beasts (D:5)
  3 sky beasts
  A necrophage (D:5)
  3 centaurs
  2 ogres
  2 bullfrogs
  3 gnoll sergeants
  A water moccasin zombie (D:5)
  2 scorpions (D:9)
  A water moccasin skeleton (D:5)
  14 killer bees (D:9)
  5 howler monkeys
  2 crimson imps
  3 hounds
  A jelly (D:5)
  3 orc priests
  5 orc wizards
  3 bullfrog skeletons
  A centaur skeleton (D:8)
  A gnoll shaman (D:4)
  An iguana (D:7)
  7 worker ants
  2 hound zombies
  2 hound skeletons
  17 gnolls
  16 adders
  A shadow imp (D:6)
  An ooze (D:2)
  2 adder skeletons
  2 worms (D:2)
  A dart slug (D:3)
  6 leopard geckos
  33 orcs
  6 giant cockroaches
  12 goblins
  12 hobgoblins
  11 jackals
  3 quokkas
  2 ball pythons (D:2)
  9 bats
  7 frilled lizards
  2 kobolds
  5 rats
230 creatures vanquished.

Vanquished Creatures (others)
  An ugly thing (D:9)
  A killer bee (D:9)
2 creatures vanquished.

Grand Total: 232 creatures vanquished

Notes
Turn   | Place    | Note
-------+----------+-------------------------------------------
     0 | Abyss:1  | Gargoyl the Centaur Abyssal Knight began the quest for the Orb.
     0 | Abyss:1  | Reached XP level 1. HP: 19/19 MP: 2/2
    54 | Abyss:1  | Noticed a large abomination
    74 | Abyss:1  | Noticed a quasit
   134 | Abyss:1  | Noticed a crimson imp
   141 | Abyss:1  | Killed a crimson imp
   141 | Abyss:1  | Reached XP level 2. HP: 23/27 MP: 3/3
   141 | Abyss:1  | Reached XP level 3. HP: 28/33 MP: 4/4
   168 | Abyss:1  | Noticed a large abomination
   180 | Abyss:1  | Noticed a small abomination
   204 | Abyss:1  | Noticed a starcursed mass
   206 | D:1      | Escaped the Abyss
   279 | D:1      | Reached * piety under Lugonu
  1006 | D:1      | Reached XP level 4. HP: 40/40 MP: 5/5
  1014 | D:1      | Reached skill level 1 in Dodging
  1606 | D:2      | Reached ** piety under Lugonu
  1869 | D:2      | Found a white marble altar of Elyvilon.
  2206 | D:2      | Found a glowing golden altar of the Shining One.
  2458 | D:3      | Found an ornate altar of the Wu Jian Council.
  2461 | D:3      | Reached XP level 5. HP: 46/46 MP: 7/7
  2569 | D:3      | Found a glowing silver altar of Zin.
  2702 | D:3      | Noticed Pieper's ghost (amateur MiFi)
  3042 | D:4      | Found a stormy altar of Qazlal.
  3433 | D:3      | Found a shimmering altar of Xom.
  4037 | D:4      | Reached XP level 6. HP: 38/53 MP: 8/8
  4366 | D:4      | Found Niehimm's Distillery.
  4369 | D:4      | Bought a potion of curing for 42 gold pieces
  4369 | D:4      | Bought a potion of curing for 42 gold pieces
  5163 | D:5      | Entered Level 5 of the Dungeon
  5242 | D:5      | Reached XP level 7. HP: 34/60 MP: 9/9
  5265 | D:5      | Found a basalt altar of Yredelemnul.
  5387 | D:5      | Reached *** piety under Lugonu
  5606 | D:5      | Found a staircase to the Ecumenical Temple.
  6031 | D:5      | Noticed Prince Ribbit
  6040 | D:5      | You fall through a shaft for 2 floors!
  6043 | D:7      | Reached XP level 8. HP: 25/67 MP: 11/11
  6363 | D:7      | Noticed an ice statue
  6606 | D:7      | Reached skill level 5 in Fighting
  7109 | D:7      | Reached skill level 5 in Armour
  7258 | D:6      | Found a sparkling altar of Nemelex Xobeh.
  7412 | D:5      | Reached skill level 1 in Shields
  7663 | D:5      | Reached skill level 5 in Invocations
  7674 | D:5      | Killed Prince Ribbit
  7674 | D:5      | Reached skill level 5 in Axes
  7933 | D:5      | Noticed Gargoyl's ghost (amateur CeAK)
  7940 | D:5      | Killed Gargoyl's ghost
  7940 | D:5      | Reached XP level 9. HP: 74/74 MP: 11/13
  9369 | D:7      | Reached **** piety under Lugonu
  9980 | D:7      | Found a blossoming altar of Fedhas.
 11127 | D:9      | Found a corrupted altar of Lugonu.
 11214 | D:9      | Reached XP level 10. HP: 28/83 MP: 14/14
 13836 | D:9      | Got a distressingly furry chain mail
 13857 | D:9      | Identified the cursed +0 chain mail of the Fisher {rElec Dex+4} (You found it on level 9 of the Dungeon)
 13953 | D:9      | Found a transporter.
 13957 | D:9      | Noticed a purple ugly thing
 13958 | D:9      | Noticed a brown ugly thing
 13958 | D:9      | Noticed a white ugly thing
 13975 | D:9      | Banished a purple ugly thing
 13976 | D:9      | HP: 1/83 [small abomination (19)]
 13976 | D:9      | Mangled by a small abomination

Skill      XL: |  1  2  3  4  5  6  7  8  9 10 |
---------------+-------------------------------+-----
Axes           | 2 3 4 5 6 |  6.8
Fighting       | 4 5 6 |  6.2
Dodging        | 1 2 |  2.7
Armour         | 2 3 4 5 7 |  7.3
Invocations    | 3 4 5 6 7 |  7.1
Shields        | 1 2 |  2.9
Throwing       | |  0.8

Action                   |  1- 3 |  4- 6 |  7- 9 | 10-12 || total
-------------------------+-------+-------+-------+-------++-------
Melee: Hand axe          |    68 |   178 |       |       ||   246
       Kick              |    15 |    39 |    79 |    18 ||   151
       War axe           |       |    48 |   355 |   163 ||   566
Throw: Tomahawk          |       |       |       |     3 ||     3
Invok: Depart the Abyss  |     1 |       |       |       ||     1
       Banish            |       |       |     1 |     2 ||     3
       Bend Space        |       |       |       |     2 ||     2
  Use: Scroll            |     2 |     7 |     7 |     5 ||    21
       Potion            |     1 |       |     4 |     7 ||    12
  Eat: Chunk             |       |    10 |     8 |       ||    18
       Ration            |       |       |     3 |     5 ||     8
Armor: Leather armour    |    29 |       |       |       ||    29
       Ring mail         |     1 |   126 |    24 |       ||   151
       Chain mail        |       |       |   175 |    75 ||   250
       Skin              |       |       |     2 |    30 ||    32
Dodge: Dodged            |    49 |   115 |    71 |    42 ||   277
Block: Shield            |       |       |   118 |    97 ||   215
